 Dungeon Crawl Stone Soup version 0.27.1-34-g3ba077fa99 (webtiles) character file.

Game seed: 17969730388197761778

34106 Gabide the Spear-Bearer (level 14, -1/109 HPs)
             Began as a Human Monk on Jan 18, 2022.
             Was a Believer of Elyvilon (penitent).
             Slain by a death knight (30 damage)
             ... on level 11 of the Dungeon on Jan 21, 2022.
             The game lasted 01:11:24 (35147 turns).

Gabide the Spear-Bearer (Human Monk)               Turns: 35147, Time: 01:11:25

Health: -1/109     AC: 11    Str: 11    XL:     14   Next: 11%
Magic:  22/22      EV: 19    Int: 12    God:    Elyvilon [*]
Gold:   891        SH:  0    Dex: 23    Spells: 13/13 levels left

rFire    + . .     SeeInvis .   F - +7 lajatang of Order {silver, rMut}
rCold    + . .     Faith    +   (shield currently unavailable)
rNeg     + . .     Spirit   .   w - +2 robe {rN+}
rPois    .         Reflect  .   f - +2 helmet
rElec    .         Harm     .   q - +0 cloak
rCorr    .         Rampage  .   x - +0 pair of gloves {Dex+3}
rMut     +                      k - +1 pair of boots
Will     +....                  h - amulet of faith
Stlth    ++++......             e - ring of protection from cold
HPRegen  0.28/turn              z - ring of protection from fire
MPRegen  0.18/turn

@: no status effects
A: no striking features
a: Renounce Religion


You were on level 11 of the Dungeon.
You worshipped Elyvilon.
Elyvilon was demanding penance.
You visited 3 branches of the dungeon, and saw 18 of its levels.

You collected 1264 gold pieces.
You spent 373 gold pieces at shops.

Inventory:

Hand Weapons
 j - a +3 glaive
 F - the +7 lajatang of Order (weapon) {silver, rMut}
   (You found it on level 4 of the Lair of Beasts)

   It inflicts extra damage upon those it strikes, and deals substantially
   increased damage to chaotic, mutated and magically transformed beings.
   rMut:      It protects you from mutation.
Missiles
 D - 2 throwing nets
Armour
 f - a +2 helmet (worn)
 k - a +1 pair of boots (worn)
 q - a +0 cloak (worn)
 t - a +2 robe of fire resistance
 w - a +2 robe of positive energy (worn)
 x - a +0 pair of gloves of dexterity (worn)
Jewellery
 a - a ring of magical power
 e - a ring of protection from cold (left hand)
 h - an amulet of faith (around neck)
 l - an amulet of regeneration
 s - a ring of flight
 y - a ring of magical power
 z - a ring of protection from fire (right hand)
Wands
 n - a wand of charming (9)
 u - a wand of flame (24)
 v - a wand of iceblast (5) (quivered)
 A - a wand of digging (4)
Scrolls
 c - 2 scrolls of immolation
 d - a scroll of enchant weapon
 m - a scroll of identify
 p - 2 scrolls of magic mapping
 r - 5 scrolls of amnesia
Potions
 b - a potion of magic
 g - 2 potions of brilliance
 i - a potion of cancellation
 o - 3 potions of flight
 C - a potion of curing
Miscellaneous
 B - a phial of floods (inert)


   Skills:
 + Level 9.9 Fighting
 - Level 14.3(14.6) Polearms
 * Level 5.8(11.0) Staves
 + Level 9.2 Dodging
 + Level 6.8 Stealth
 * Level 11.0 Invocations
 - Level 0.3 Evocations


You had 13 spell levels left.
You didn't know any spells.
Your spell library contained the following spells:

 Spells                   Type           Power      Damage    Failure   Level
 Magic Dart               Conj           0%         1d3       32%         1
 Sandblast                Erth           0%         2d4       32%         1
 Call Imp                 Summ           0%         N/A       45%         2
 Ensorcelled Hibernation  Hex/Ice        0%         N/A       45%         2
 Passwall                 Tmut/Erth      0%         N/A       45%         2
 Slow                     Hex            0%         N/A       45%         2
 Confusing Touch          Hex            0%         N/A       69%         3
 Conjure Flame            Conj/Fire      0%         6-21      69%         3
 Ignite Poison            Fire/Tmut/Pois 0%         N/A       69%         3
 Inner Flame              Hex/Fire       0%         N/A       69%         3
 Mephitic Cloud           Conj/Pois/Air  0%         N/A       69%         3
 Spider Form              Tmut/Pois      0%         N/A       69%         3
 Cause Fear               Hex            0%         N/A       97%         4
 Petrify                  Tmut/Erth      0%         N/A       97%         4
 Sticky Flame             Conj/Fire      0%         2d3       97%         4
 Lee's Rapid Deconstruct  Erth           0%         3d5*      100%        5
 Metabolic Englaciation   Hex/Ice        0%         N/A       100%        5
 Summon Forest            Summ/Tloc      0%         N/A       100%        5
 Summon Mana Viper        Hex/Summ       0%         N/A       100%        5
 Yara's Violent Unravell  Hex/Tmut       0%         3d3       100%        5
 Iron Shot                Conj/Erth      0%         9d1       100%        6
 Shadow Creatures         Summ           N/A        N/A       100%        6
 Statue Form              Tmut/Erth      0%         N/A       100%        6
 Discord                  Hex            0%         N/A       100%        8
 Shatter                  Erth           0%         3d5*      100%        9


Dungeon Overview and Level Annotations

Branches:
Dungeon (12/15)            Temple (1/1) D:5            Lair (5/6) D:11
  Swamp (0/4) Lair:4        Snake (0/4) Lair:2          Orc (0/2) D:12
  Slime: Lair:5-6

Altars:
Ashenzari
Cheibriados
Dithmenos
Elyvilon
Fedhas
Gozag
Hepliaklqana
Kikubaaqudgha
Makhleb
Nemelex Xobeh
Okawaru
Qazlal
Ru
Sif Muna
Trog
Uskayaw
Vehumet
Wu Jian
Xom
Yredelemnul
Zin
The Shining One

Shops:
D:3 *![?   D:8 *

Annotations:
Lair:2 exclusion: downstairs
Lair:3 3 runed translucent doors, kalagan's ghost, journeyman DECj


Message History

The phantasmal warrior is severely damaged.
The phantasmal warrior misses you.
You hit the phantasmal warrior.
The phantasmal warrior is almost destroyed.
The phantasmal warrior hits you.
* * * LOW HITPOINT WARNING * * *
Your willpower is stripped away!
You slash the phantasmal warrior!
You destroy the phantasmal warrior!
You start resting.
You feel your willpower return.
You start resting.
You start resting.
HP restored.
You start waiting.
Done waiting.
You start waiting.
Done waiting.
You climb downwards.
The death knight offers itself to Yredelemnul, and fills with unholy energy.
There is a stone staircase leading up, spattered with blood here.
The death knight misses you. The skeletal warrior barely misses you.
Found a ring mail and a mace.
The death knight hits you from afar with a +3 glaive!
The skeletal warrior completely misses you.
The death knight invokes the aid of Yredelemnul against you.
You struggle to resist.
The skeletal warrior barely misses you.
The skeletal warrior hits you from afar with a +0 halberd!
The death knight's dark mirror aura disappears.
The death knight hits you from afar with a +3 glaive!
The skeletal warrior hits you from afar with a +0 halberd.
The death knight barely misses you.
There is a stone staircase leading up here.
The skeletal warrior hits you from afar with a +0 halberd!!
The death knight hits you with a +3 glaive!!
* * * LOW HITPOINT WARNING * * *
You climb upwards.
There is a stone staircase leading down here.
The death knight hits you from afar with a +3 glaive!!
You die...

..................#
..................#
#.##############..#
#.# #..# #.# #..#
#.# #..# #.# #p.#
#.# #>.#
#.##############@.#
..............(...#
.<................#
###################


You could see a death knight.

Vanquished Creatures
  A death knight (D:11)
  A two-headed ogre (D:9)
  Erica (Lair:2)
  Nergalle (D:10)
  Sonja (D:12)
  A skeletal warrior (D:11)
  A bog body (Lair:4)
  2 phantasmal warriors (D:11)
  A necromancer (Lair:3)
  A cyclops (D:11)
  A manticore (D:12)
  2 elephants (Lair:2)
  4 cane toads
  A gargoyle (D:12)
  2 rime drakes (Lair:4)
  5 komodo dragons
  An unseen horror (D:11)
  A freezing wraith (D:12)
  2 trolls
  A hornet (Lair:4)
  7 slime creatures
  15 blink frogs
  2 wyverns (D:11)
  A human (D:10)
  38 yaks
  A golden eye (shapeshifter) (D:12)
  3 basilisks
  3 nagas
  A swamp worm (Lair:4)
  5 water moccasins
  A swamp drake (D:11)
  7 orc warriors
  A sky beast (D:7)
  3 black bears
  3 ice beasts
  3 necrophages
  3 ogres
  18 wolves
  3 kobold brigands
  11 bullfrogs
  3 scorpions
  A wyvern skeleton (D:7)
  5 killer bees (D:9)
  5 wights
  2 electric eels
  7 howler monkeys (D:9)
  A crimson imp (D:10)
  4 centaur zombies
  4 hounds
  A bullfrog zombie (D:5)
  6 orc priests
  A centaur skeleton (D:7)
  3 bullfrog skeletons
  9 orc wizards
  2 iguanas
  2 yak simulacra (Lair:3)
  A killer bee zombie (D:5)
  3 polar bear simulacra (Lair:3)
  3 wolf simulacra (Lair:3)
  2 mummies (D:7)
  5 adders
  4 gnolls (D:6)
  A howler monkey skeleton (D:7)
  2 white imps
  An adder skeleton (D:4)
  2 worms
  36 orcs
  6 ball pythons
  An endoplasm (D:2)
  A giant cockroach (D:1)
  5 hobgoblins
  4 quokkas
  4 bats
  2 frilled lizards
  7 goblins
  A jackal skeleton (D:4)
  25 kobolds
  6 rats
  3 river rat simulacra (Lair:3)
341 creatures vanquished.

Vanquished Creatures (others)
  A death yak (Lair:2)
  2 yaks
  A warg (D:12)
  A water moccasin (Lair:2)
  A bullfrog (Lair:1)
  15 fungi
  24 plants
  8 withered plants (D:7)
53 creatures vanquished.

Grand Total: 394 creatures vanquished

Notes
Turn   | Place    | Note
-------+----------+-------------------------------------------
     0 | D:1      | Gabide the Human Monk began the quest for the Orb.
     0 | D:1      | Reached XP level 1. HP: 18/18 MP: 1/1
   184 | D:1      | Reached XP level 2. HP: 24/24 MP: 2/2
  1034 | D:2      | Reached XP level 3. HP: 29/29 MP: 3/3
  1261 | D:2      | Found a faded altar of an unknown god.
  1382 | D:3      | Found Xetoney's Magic Scroll Boutique.
  1484 | D:3      | Bought a scroll of identify for 24 gold pieces
  1484 | D:3      | Bought a scroll of identify for 24 gold pieces
  1683 | D:3      | Reached XP level 4. HP: 35/35 MP: 4/4
  1811 | D:3      | Found a burning altar of Makhleb.
  1811 | D:3      | Found a shadowy altar of Dithmenos.
  1819 | D:3      | Found a shimmering blue altar of Sif Muna.
  1821 | D:3      | Found an opulent altar of Gozag.
  1824 | D:3      | Found a faded altar of an unknown god.
  1953 | D:3      | Found Tiapsost's General Store.
  1993 | D:3      | Found Boidoq's Antique Armour Emporium.
  2182 | D:3      | Found Ypeoreu's Distillery.
  2183 | D:3      | Noticed an ogre
  2194 | D:3      | Killed an ogre
  2195 | D:3      | Reached skill level 4 in Polearms
  2195 | D:3      | Reached XP level 5. HP: 31/42 MP: 5/5
  2207 | D:3      | Bought a potion of heal wounds for 65 gold pieces
  2263 | D:4      | Noticed a necrophage
  2270 | D:4      | Killed a necrophage
  2271 | D:4      | Reached XP level 6. HP: 40/48 MP: 6/6
  2492 | D:4      | Reached skill level 5 in Polearms
  3265 | D:5      | Entered Level 5 of the Dungeon
  3270 | D:5      | Found a staircase to the Ecumenical Temple.
  3280 | Temple   | Entered the Ecumenical Temple
  3320 | Temple   | Became a worshipper of Elyvilon the Healer
  3320 | Temple   | Reached * piety under Elyvilon
  3320 | Temple   | Reached ** piety under Elyvilon
  3531 | D:5      | Reached XP level 7. HP: 44/54 MP: 7/7
  3597 | D:5      | Found an ancient bone altar of Kikubaaqudgha.
  3675 | D:5      | Reached skill level 1 in Invocations
  4222 | D:5      | Reached skill level 6 in Polearms
  4352 | D:5      | Reached XP level 8. HP: 55/61 MP: 9/9
  4782 | D:5      | Reached *** piety under Elyvilon
  5271 | D:6      | Found a large runed translucent door.
  5273 | D:6      | Found a large runed translucent door.
  6021 | D:7      | Reached skill level 7 in Polearms
  6319 | D:7      | Reached skill level 5 in Fighting
  7305 | D:7      | Reached XP level 9. HP: 28/68 MP: 11/11
  7821 | D:7      | Reached skill level 5 in Dodging
  7828 | D:7      | Reached skill level 8 in Polearms
  8280 | D:8      | Noticed a two-headed ogre
  8872 | D:8      | Found Vebbirgh's Assorted Antiques.
  8916 | D:8      | Bought an embroidered robe for 70 gold pieces
  8916 | D:8      | Bought a scroll labelled HOSIUL LOGGUSU for 19 gold pieces
  8916 | D:8      | Bought a scroll labelled KEOXOVYIFE for 19 gold pieces
  8916 | D:8      | Bought a small tourmaline ring for 95 gold pieces
  8916 | D:8      | Bought a scroll labelled HOSIUL LOGGUSU for 19 gold pieces
  8916 | D:8      | Bought a scroll of identify for 38 gold pieces
  9473 | D:8      | Found a glowing silver altar of Zin.
  9857 | D:8      | Reached skill level 9 in Polearms
 10107 | D:8      | Got the Tome of Stones
 10329 | D:9      | Reached skill level 5 in Invocations
 10361 | D:9      | Reached **** piety under Elyvilon
 10367 | D:9      | Reached XP level 10. HP: 76/76 MP: 13/13
 10784 | D:9      | Reached skill level 5 in Stealth
 10859 | D:9      | Reached skill level 10 in Polearms
 11466 | D:9      | Noticed a two-headed ogre
 11803 | D:9      | Killed a two-headed ogre
 12054 | D:10     | Entered Level 10 of the Dungeon
 13156 | D:10     | Reached XP level 11. HP: 43/83 MP: 16/16
 13345 | D:10     | Reached skill level 11 in Polearms
 14438 | D:11     | Noticed Nergalle
 14853 | D:10     | Killed Nergalle
 15637 | D:11     | Noticed a death knight
 15801 | D:11     | Identified the +8 falchion of the Unkillable {speed, rF+
                  | Int+4}
 16365 | D:11     | Noticed a cyclops
 16804 | D:11     | Pacified a cyclops
 17660 | D:6      | Found a radiant altar of Vehumet.
 17669 | D:6      | Found a glowing golden altar of the Shining One.
 17924 | D:11     | Found a staircase to the Lair.
 18622 | D:12     | Noticed a death knight
 18622 | D:12     | Noticed a skeletal warrior
 18622 | D:12     | Noticed a phantasmal warrior
 18622 | D:12     | Noticed a phantasmal warrior
 18622 | D:12     | Noticed a skeletal warrior
 18680 | Lair:1   | Entered Level 1 of the Lair of Beasts
 18722 | Lair:1   | Reached skill level 12 in Polearms
 19520 | Lair:1   | Noticed a four-headed hydra
 19523 | Lair:1   | Pacified a five-headed hydra
 19524 | Lair:1   | Reached XP level 12. HP: 92/92 MP: 15/18
 21125 | Lair:2   | Noticed a seven-headed hydra
 21126 | Lair:2   | Pacified a seven-headed hydra
 21219 | Lair:2   | Found a staircase to the Snake Pit.
 22535 | Lair:2   | Noticed a death yak
 22535 | Lair:2   | Noticed a death yak
 22536 | Lair:2   | Noticed a death yak
 22538 | Lair:2   | Pacified a death yak
 22543 | Lair:2   | Pacified a death yak
 22581 | Lair:2   | Killed a death yak
 22658 | Lair:2   | Reached skill level 13 in Polearms
 22901 | Lair:2   | Noticed Erica
 22917 | Lair:2   | Killed Erica
 23174 | Lair:2   | Noticed a death yak
 23183 | Lair:2   | Pacified a death yak
 23191 | Lair:2   | Pacified a death yak
 24311 | Lair:3   | Noticed a six-headed hydra
 24383 | Lair:2   | Reached skill level 10 in Invocations
 24632 | Lair:3   | Pacified a six-headed hydra
 24633 | Lair:3   | Reached XP level 13. HP: 69/100 MP: 15/20
 24879 | Lair:3   | Found a runed translucent gate.
 24879 | Lair:3   | Found a runed translucent gate.
 24879 | Lair:3   | Found a runed translucent gate.
 24885 | Lair:3   | Noticed a five-headed hydra
 24888 | Lair:3   | Noticed kalagan's ghost (journeyman DECj)
 25445 | Lair:2   | HP: 5/101 [poisoned by a black mamba]
 27362 | Lair:3   | Identified the +0 leather armour of Dawn {Rampage Will+
                  | Dex+3}
 27390 | Lair:3   | Identified the +9 whip "Giucotoa" {vorpal, *Corrode Will+
                  | Dex+2}
 28016 | Lair:3   | HP: 2/98 [poisoned by a necromancer]
 28695 | Lair:3   | Pacified a five-headed hydra
 28696 | Lair:3   | Reached skill level 14 in Polearms
 29129 | Lair:4   | Noticed a seven-headed hydra
 30248 | Lair:4   | Pacified an eight-headed hydra
 30281 | Lair:4   | Found the +7 lajatang of Order {silver, rMut}
 30490 | Lair:4   | Reached skill level 1 in Staves
 30862 | Lair:4   | Noticed a seven-headed hydra
 30867 | Lair:4   | Pacified a seven-headed hydra
 31178 | Lair:4   | Found a staircase to the Swamp.
 31671 | D:11     | HP: 2/102 [death knight (8)]
 33239 | D:12     | Found a staircase to the Orcish Mines.
 33245 | D:12     | Noticed Sonja
 33246 | D:12     | Reached XP level 14. HP: 108/109 MP: 22/22
 33277 | D:12     | Pacified Sonja
 33278 | D:12     | Reached skill level 5 in Staves
 33283 | D:12     | Was placed under penance by Elyvilon
 33283 | D:12     | Killed Sonja
 34579 | D:11     | HP: 5/109 [phantasmal warrior[a death knight] (33)]
 35147 | D:11     | Slain by a death knight

Illustrated notes

Levels and vault maps discovered:
D:1:      saegor_arrival_simple_e, layout_basic, grunt_decor_one_mirror,
          minmay_misc_feat_chi, minmay_split_cup_large
D:2:      layout_rooms, hellmonk_ecumenical_altar_heavens_door
D:3:      layout_basic, chequers_temple_overflow_minitemple, serial_shops, shop,
          shop, shop, shop_fountains, roderic_nine_men_s_morris
D:4:      layout_layer_cave
D:5:      wad_lake_hut, layout_loops_ring, amcnicky_altar_gilded,
          minmay_temple_entry_glass, dk_noncrumbling_4,
          hangedman_decor_slide_cut
D:6:      layout_basic, jmf_multi_god_temple2
D:7:      layout_loops_ring, serial_undead, serial_undead_b, serial_undead_b,
          serial_undead_c, serial_undead_f, serial_undead_b, serial_undead_a
D:8:      layout_gridville, lemuel_crystal_altar, serial_shops,
          nicolae_diamond_shop
D:9:      layout_loops_cross
D:10:     layout_roguey, hangedman_stone_soup
D:11:     layout_long_grid, erik_lair_dragon, special_room [special_room_orc],
          uniq_nergalle
D:12:     layout_long_grid, erik_orc_3, enter_trove_5, grunt_ministairs_8,
          uniq_sonja
Temple:   dpeg_chambers_temple
Lair:1:   layout_regular_city, chequers_serial_rivers_room_b
Lair:2:   layout_regular_city, guppyfry_snake_entry_garden, grunt_megastairs_5,
          uniq_erica
Lair:3:   layout_cave_shapes, ebering_ghost_rock_garden, serial_rivers,
          chequers_serial_rivers_micro_d, chequers_serial_rivers_small_3,
          chequers_serial_rivers_micro_a, chequers_serial_rivers_micro_c,
          chequers_serial_rivers_large_b, serial_bayou_pond_e,
          eino_house_with_fridge, infiniplex_staircase_pool
Lair:4:   layout_loops_ring, nicolae_swamp_entry_splash_gauntlet,
          grunt_megastairs_3, uniq_nessos
Lair:5:   layout_long_grid, minmay_slime_entry_oklob_enclosed,
          gammafunk_ghost_icy

Skill      XL: |  1  2  3  4  5  6  7  8  9 10 11 12 13 14 |
---------------+-------------------------------------------+-----
Polearms       | 4 5 6 7 9 10 12 13 14 | 14.3
Fighting       | 4 5 6 7 8 9 |  9.9
Stealth        | 3 4 5 6 |  6.8
Dodging        | 4 5 6 7 8 9 |  9.2
Invocations    | 2 3 5 6 8 10 11 | 11.0
Staves         | 4 5 |  5.8
Evocations     | |  0.3

Action                   |  1- 3 |  4- 6 |  7- 9 | 10-12 | 13-15 || total
-------------------------+-------+-------+-------+-------+-------++-------
Melee: Spear             |    71 |       |       |       |       ||    71
       Glaive            |    32 |    80 |   297 |   682 |   281 ||  1372
       Lajatang          |       |       |       |       |   181 ||   181
Invok: Heal Other        |       |       |     5 |    29 |    11 ||    45
       Lesser Healing    |       |       |     2 |    16 |     9 ||    27
       Purification      |       |       |     2 |     4 |     1 ||     7
       Greater Healing   |       |       |       |     6 |       ||     6
Evoke: Wand              |       |       |       |    27 |    10 ||    37
       Phial of floods   |       |       |       |       |     1 ||     1
  Use: Scroll            |     5 |     5 |    14 |     8 |     1 ||    33
       Potion            |       |       |     4 |     7 |    11 ||    22
 Stab: Sleeping          |     7 |     5 |    12 |    14 |     8 ||    46
       Distracted        |       |     1 |     1 |     1 |       ||     3
       Paralysed         |       |       |       |     4 |       ||     4
       Confused          |       |       |       |     1 |       ||     1
Armor: Robe              |    23 |    11 |   122 |   205 |    95 ||   456
       Skin              |       |       |     5 |       |       ||     5
Dodge: Dodged            |    59 |    60 |   247 |   686 |   436 ||  1488
